 Dungeon Crawl Stone Soup version 0.27.0-1-g7a089689b8 (webtiles) character file.

Game seed: 5142553298272956915

51 Xeniu the Chiller (level 3, -1/21 HPs)
             Began as a Vampire Ice Elementalist on July 31, 2021.
             Slain by an orc wizard (3 damage)
             ... on level 3 of the Dungeon.
             The game lasted 00:08:27 (2402 turns).

Xeniu the Chiller (Vampire Ice Elementalist)        Turns: 2402, Time: 00:08:28

Health: -1/21      AC:  2    Str:  7    XL:     3   Next: 57%
Magic:  1/6        EV: 12    Int: 18    God:
Gold:   82         SH:  0    Dex: 14    Spells: 2/6 levels left

rFire    . . .     SeeInvis +   b - +0 dagger
rCold    . . .     Faith    .   (no shield)
rNeg     . . .     Spirit   .   a - +0 robe
rPois    .         Reflect  .   (no helmet)
rElec    .         Harm     .   (no cloak)
rCorr    .         Rampage  .   (no gloves)
Will     .....                  (no boots)
Stlth    +.........             (no amulet)
HPRegen  0.27/turn              (no ring)
MPRegen  0.10/turn              (no ring)

@: confused, healing quickly
A: alive, fangs 3, see invisible, vampiric 2, [frail 1]
a: Exsanguinate


You were on level 3 of the Dungeon.
You visited 1 branch of the dungeon, and saw 3 of its levels.

You collected 82 gold pieces.

Inventory:

Hand Weapons
 b - a +0 dagger (weapon)
Armour
 a - a +0 robe (worn)
 h - a +0 leather armour
Scrolls
 d - 2 scrolls of enchant armour {unknown}
 g - a scroll of identify {unknown}
Potions
 c - 2 potions of degeneration {unknown}
 e - a potion of curing {unknown}
 f - a potion of magic {unknown}


   Skills:
 + Level 0.7 Armour
 * Level 2.7 Dodging
 * Level 3.9 Stealth
 * Level 2.3 Spellcasting
 * Level 0.8 Conjurations
 + Level 4.1 Ice Magic


You had 2 spell levels left.
You knew the following spells:

 Your Spells              Type           Power      Damage    Failure   Level
a - Freeze                Ice            68%        1d8       3%          1
b - Frozen Ramparts       Ice            34%        1d5       10%         3

Your spell library contained the following spells:

 Spells                   Type           Power      Damage    Failure   Level
 Ozocubu's Armour         Ice            17%        N/A       10%         3
 Hailstorm                Conj/Ice       11%        3d5       54%         4


Dungeon Overview and Level Annotations

Branches:
Dungeon (3/15)

Altars:
Gozag
Vehumet

Shops:
D:2 *

Annotations:
D:3 1 runed translucent door


Innate Abilities, Weirdness & Mutations

Your natural rate of healing is accelerated.
You have razor-sharp teeth.
You have supernaturally acute eyesight. (SInv)
You are afflicted with vampirism and can become a bat while bloodless.
[You are frail. (-10% HP)]


Message History

You barely miss the orc wizard.
The orc wizard is heavily wounded.
The orc wizard hits you but does no damage.
Aiming: Freeze (safe; 3% risk of failure)
Press: ? - help, Q - select action Shift-Dir - straight line, f/p - orc wizard
Aim: an orc wizard, wielding a +0 dagger and wearing a +0 robe (heavily wounded, slightly transparent)
You freeze the orc wizard!
The orc wizard is almost dead.
The orc wizard hits you with a +0 dagger.
Your magical contamination has completely faded away.
You closely miss the orc wizard.
The orc wizard is almost dead.
The orc wizard points at you and mumbles some strange words.
The magic dart hits you.
You hit the orc wizard. Your bite misses the orc wizard.
The orc wizard is almost dead.
The orc wizard hits you with a +0 dagger.
You closely miss the orc wizard.
The orc wizard is almost dead.
The orc wizard hits you with a +0 dagger.
* * * LOW HITPOINT WARNING * * *
You closely miss the orc wizard.
The orc wizard is almost dead.
The orc wizard gestures at you while chanting.
The puff of flame hits you.
* * * LOW HITPOINT WARNING * * *
You closely miss the orc wizard.
The orc wizard is almost dead.
The orc wizard casts a spell at you.
You are confused.
You hit the orc wizard but do no damage.
The orc wizard is almost dead.
The orc wizard barely misses you.
You miss the orc wizard.
The orc wizard is almost dead.
The orc wizard casts a spell at you. The puff of flame misses you.
You bump into the rock wall.
The orc wizard hits you with a +0 dagger.
You die...

## # #. ..# .###.# ..#..####
# #.......# #. #.##.##.# ..
#.##.##.# .#.#. #@##.##.#
≈.....#####o##.##.#########
..........................
.≈.P...........##...##..#.#
..≈.....####.####...#.[...##
....Po.## #.##.......#+#...
.≈....######........###F#.##
..#.............<...###S#.#
. #...######..........# #


You could see an orc wizard (invisible).

Vanquished Creatures
  A worm (D:2)
  2 dart slugs (D:1)
  2 orcs (D:3)
  3 ball pythons
  2 bats
  A giant cockroach (D:2)
  3 goblins
  5 hobgoblins
  4 jackals (D:2)
  5 quokkas
  5 frilled lizards
  A kobold (D:3)
  4 rats
38 creatures vanquished.

Vanquished Creatures (others)
  2 fungi (D:3)
  5 plants (D:3)
7 creatures vanquished.

Grand Total: 45 creatures vanquished

Notes
Turn   | Place    | Note
-------+----------+-------------------------------------------
     0 | D:1      | Xeniu the Vampire Ice Elementalist began the quest for the
                  | Orb.
     0 | D:1      | Reached XP level 1. HP: 13/13 MP: 3/3
   290 | D:1      | Reached XP level 2. HP: 19/19 MP: 1/5
   976 | D:2      | Found Laukiprit's General Store.
  1131 | D:2      | Gained mutation: You are afflicted with vampirism and can
                  | become a bat while bloodless. [Vampire growth]
  1131 | D:2      | Reached XP level 3. HP: 24/24 MP: 4/6
  1288 | D:2      | Learned a level 3 spell: Frozen Ramparts
  1365 | D:2      | Found an opulent altar of Gozag.
  2290 | D:3      | Found a radiant altar of Vehumet.
  2349 | D:3      | Found a runed translucent door.
  2357 | D:3      | Noticed a bullfrog
  2398 | D:3      | HP: 1/21 [orc wizard/puff of flame (5)]
  2402 | D:3      | Slain by an orc wizard

Illustrated notes

Levels and vault maps discovered:
D:1:      minmay_arrival_pointy, layout_basic, serial_bayou_crossing
D:2:      layout_basic, basic_altar, serial_shops, nicolae_lakefront_shop,
          serial_rivers, chequers_serial_rivers_marsh,
          chequers_serial_rivers_room_b, chequers_serial_rivers_micro_b,
          chequers_serial_rivers_large_a, chequers_serial_rivers_room_b,
          chequers_serial_rivers_micro_b
D:3:      layout_loops_cross, nicolae_vehumet_radiance,
          shapermc_ecumenical_altar_mp_ritualfount, ebering_ghost_sewer_d

Action                   || total
-------------------------++-------
Melee: Dagger            ||    89
       Unarmed           ||     2
       Bite              ||     7
 Cast: Freeze            ||    44
 Abil: Exsanguinate      ||     1
       Revivify          ||     1
 Stab: Sleeping          ||     9
Armor: Robe              ||    21
Dodge: Dodged            ||    76
